 Dungeon Crawl Stone Soup version 0.23.0-28-g6fe0f4dc8b (webtiles) character file.

Game seed: 8374830561151601500

58 Kniotic the Insei (level 3, 0/29 HPs)
             Began as a Demonspawn Monk on Feb 25, 2019.
             Killed by divine providence
             ... invoked by an orc priest
              (14 damage)
             ... on level 3 of the Dungeon.
             The game lasted 00:03:00 (2276 turns).

Kniotic the Insei (Demonspawn Monk)                 Turns: 2276, Time: 00:03:01

Health: 0/29       AC:  6    Str: 12    XL:     3   Next: 75%
Magic:  3/3        EV: 13    Int: 11    God:
Gold:   33         SH:  0    Dex: 15    Spells: 2/2 levels left

rFire    . . .     SeeInvis .     - Unarmed
rCold    . . .     Gourm    .   (no shield)
rNeg     . . .     Faith    .   a - +0 robe
rPois    .         Spirit   .   f - +0 helmet
rElec    .         Reflect  .   (no cloak)
rCorr    .         Harm     .   (no gloves)
MR       .....                  q - +0 pair of boots
Stlth    ++........             (no amulet)
HPRegen  0.09/turn              (no ring)
MPRegen  0.08/turn              (no ring)

@: no status effects
A: claws 1, icy blue scales 1
a: no special abilities


You were on level 3 of the Dungeon.
You were not hungry.

You visited 1 branch of the dungeon, and saw 3 of its levels.

You collected 33 gold pieces.

Inventory:

Missiles
 o - 6 needles of confusion
Armour
 a - a +0 robe (worn)
 f - a +0 helmet (worn)
 q - a +0 pair of boots (worn)
Jewellery
 g - an uncursed amulet of regeneration {unknown}
 n - an uncursed amulet of magic regeneration {unknown}
Scrolls
 c - a scroll of immolation {unknown}
 d - a scroll of noise {unknown}
 e - 2 scrolls of magic mapping {unknown}
 h - a scroll of amnesia {unknown}
 i - 3 scrolls of identify {unknown}
 j - 2 scrolls of enchant armour {unknown}
 l - a scroll of teleportation {unknown}
 m - a scroll of enchant weapon {unknown}
Potions
 k - 2 potions of cancellation {unknown}
 p - a potion of brilliance {unknown}
Comestibles
 b - 5 rations
 r - a chunk of flesh


   Skills:
 - Level 3.0 Fighting
 - Level 2.6 Dodging
 - Level 1.7 Stealth
 + Level 4.3 Unarmed Combat


You had 2 spell levels left.
You didn't know any spells.
Your spell library was empty.

Dungeon Overview and Level Annotations

Branches:
Dungeon (3/15)

Altars:
Qazlal
Sif Muna
Vehumet


Innate Abilities, Weirdness & Mutations

You have sharp fingernails.
You are partially covered in icy blue scales. (AC +2)


Message History

There is an open door here.
An orc comes into view. It is wielding a +0 hand axe.
An orc is nearby!
Found 15 gold pieces.
An orc and an orc priest come into view.
The orc priest shouts!
You hear a shout!
An orc comes into view. It is wielding a +0 club.
The orc shouts! 2 orcs come into view.
You hear an angry hiss.
The orc priest barely misses you.
Found a scroll labeled ODWUNA GOQEN.
The orc priest invokes the aid of Beogh against you.
Pain shoots through your body!
The orc priest casts a cantrip, but nothing happens.
The orc priest invokes the aid of Beogh against you.
Pain shoots through your body!
The orc priest mumbles some strange prayers to Beogh against you.
Beogh smites you!
You die...

.# .# .? #####.# #.#
#.....# #.# ###
#.....######.###...
######...>..... .....$.#
#<.........### #....#.o
#....#.@..#######..#...#
#....####..o.oo..#...#.o
#######...o####o...#...#
#..รท.# #..#...#. #....#
##...#...#
#....#####.#...#..
#....'......?#...#
#....#####.#...#..
#....# ##..#...#


You could see an orc priest and 3 orcs.

Vanquished Creatures
  Robin (D:2)
  A worm (D:2)
  A dart slug (D:3)
  2 leopard geckos
  3 giant cockroaches
  11 goblins
  6 hobgoblins
  3 bats
  3 frilled lizards
  4 kobolds
  3 rats
38 creatures vanquished.

Notes
Turn   | Place    | Note
-------+----------+-------------------------------------------
     0 | D:1      | Kniotic the Demonspawn Monk began the quest for the Orb.
     0 | D:1      | Reached XP level 1. HP: 18/18 MP: 1/1
   126 | D:1      | Reached skill level 3 in Unarmed Combat
   357 | D:1      | Gained mutation: You have sharp fingernails. [demonic
                  | ancestry]
   357 | D:1      | Reached XP level 2. HP: 24/24 MP: 2/2
  1029 | D:2      | Found a stormy altar of Qazlal.
  1147 | D:2      | Found a deep blue altar of Sif Muna.
  1160 | D:2      | Noticed Robin
  1190 | D:2      | Gained mutation: You are partially covered in icy blue
                  | scales. (AC +2) [demonic ancestry]
  1190 | D:2      | Reached XP level 3. HP: 25/29 MP: 3/3
  1376 | D:2      | Killed Robin
  1376 | D:2      | Reached skill level 4 in Unarmed Combat
  1779 | D:2      | Found a radiant altar of Vehumet.
  2276 | D:3      | Killed from afar by an orc priest

Skill      XL: |  1  2  3 |
---------------+----------+-----
Unarmed Combat | 3 4 |  4.3
Fighting       | |  3.0
Dodging        | |  2.6
Stealth        | |  1.7

Action                   || total
-------------------------++-------
Melee: Unarmed           ||   114
       Punch             ||     4
 Stab: Sleeping          ||     5
  Eat: Chunk             ||     4
Armor: Robe              ||    18
Dodge: Dodged            ||    57
